 Dungeon Crawl Stone Soup version 0.23-a0-391-g8c51ad5 (webtiles) character file.

200 BingusPrime the Ruffian (level 5, -8/40 HPs)
             Began as a Draconian Transmuter on Oct 30, 2018.
             Mangled by Blork the orc
             ... wielding a +4 war axe of electrocution
              (14 damage)
             ... on level 4 of the Dungeon.
             The game lasted 00:09:27 (2839 turns).

BingusPrime the Ruffian (Draconian Transmuter)      Turns: 2839, Time: 00:09:27

Health: -8/40      AC: 12    Str: 13    XL:     5   Next: 48%
Magic:  4/10       EV: 12    Int: 13    God:
Gold:   215        SH:  0    Dex: 12    Spells: 4/10 levels left

rFire    . . .     SeeInvis .     - Unarmed
rCold    . . .     Gourm    .   (no shield)
rNeg     + . .     Faith    .   (armour unavailable)
rPois    .         Spirit   .   (helmet restricted)
rElec    .         Reflect  .   l - +0 cloak
rCorr    .         Harm     .   (no gloves)
MR       +....                  (no boots)
Stlth    ++........             (no amulet)
HPRegen  0.13/turn              j - ring of positive energy
MPRegen  0.12/turn              k - +6 ring of protection

@: appendage (expiring)
A: unfitting armour, big wings, horns 2, magic resistance 1, cold-blooded, AC +5
a: Fly, End Transformation


You were on level 4 of the Dungeon.
You were hungry.
You had grown temporary horns.
You visited 1 branch of the dungeon, and saw 4 of its levels.

You collected 215 gold pieces.

Inventory:

Missiles
 a - 39 arrows
Armour
 l - a +0 cloak (worn)
Jewellery
 j - a ring of positive energy (left hand)
 k - a +6 ring of protection (right hand)
 o - an uncursed ring of flight
Wands
 h - a wand of scattershot (4)
Scrolls
 e - a scroll of amnesia {unknown}
 g - a scroll of identify
 i - a scroll of fear
 p - a scroll of random uselessness {unknown}
 r - a scroll of noise {unknown}
Potions
 b - 3 potions of degeneration {unknown}
 d - a potion of might
 f - 2 potions of flight {unknown}
 m - 2 potions of resistance {unknown}
 n - a potion of agility {unknown}
 q - a potion of ambrosia {unknown}
Comestibles
 c - 8 rations


   Skills:
 + Level 1.3 Fighting
 + Level 2.4 Dodging
 + Level 1.0 Stealth
 + Level 4.0 Unarmed Combat
 + Level 3.4 Spellcasting
 + Level 3.1 Transmutations


You had 4 spell levels left.
You knew the following spells:

 Your Spells              Type           Power        Failure   Level  Hunger
a - Beastly Appendage     Tmut           ##....       6%          1    #......
b - Sticks to Snakes      Tmut           ##......     9%          2    ##.....
c - Spider Form           Tmut/Pois      #.........   34%         3    ###....

Your spell library contained the following spells:

 Spells                   Type           Power        Failure   Level  Hunger
 Ice Form                 Ice/Tmut       #.......     75%         4    #####..
 Blade Hands              Tmut           ##........   86%         5    ######.


Dungeon Overview and Level Annotations

Branches:
Dungeon (4/15)
 Temple: D:4-7

Altars:
Gozag
Qazlal
The Shining One

Annotations:
D:3 2 transporters, foolusion's ghost, amateur DrIE
D:4 Blork the orc


Innate Abilities, Weirdness & Mutations

Your plain brown scales are hard. (AC +5)
You cannot fit into any form of body armour.
You are cold-blooded and may be slowed by cold attacks.
Your large and strong wings let you fly indefinitely.
You have a pair of horns on your head.
You are resistant to hostile enchantments. (MR+)


Message History

The slug dart misses you.
You hit Blork the orc. You tail-slap Blork the orc.
Blork the orc is almost dead.
Your adder barely misses Blork the orc.
Blork the orc gestures wildly while chanting.
Blork the orc flickers and vanishes!
Deactivating autopickup; reactivate with Ctrl-A.
You barely miss something. The dart slug barely misses you. Something hits you!
Something barely misses your adder.
You hit something but do no damage. You tail-slap something.
The dart slug launches a dart at you. The slug dart misses you.
You hit something but do no damage. Something hits you but does no damage.
Something closely misses your adder.
You completely miss something. The dart slug launches a dart at you.
The slug dart misses you. Something hits you!
* * * LOW HITPOINT WARNING * * *
You are electrocuted!
You die...

### #
..#.#
##{...#
#@S.#
##w##
.# ##


You could see a dart slug and a friendly adder.

Vanquished Creatures
  A phantom (D:2)
  A hound skeleton (D:3)
  3 adders
  An ooze (D:2)
  2 worms (D:3)
  2 dart slugs
  2 leopard geckos
  2 giant cockroaches (D:3)
  10 goblins
  5 hobgoblins
  A jackal (D:1)
  11 kobolds
  A quokka (D:3)
  A ball python (D:1)
  9 bats
  3 frilled lizards
  8 rats
63 creatures vanquished.

Vanquished Creatures (collateral kills)
  A worm (D:2)
1 creature vanquished.

Grand Total: 64 creatures vanquished

Notes
Turn   | Place    | Note
-------+----------+-------------------------------------------
     0 | D:1      | BingusPrime the Draconian Transmuter began the quest for
                  | the Orb.
     0 | D:1      | Reached XP level 1. HP: 16/16 MP: 3/3
   328 | D:1      | Reached XP level 2. HP: 23/23 MP: 3/5
  1032 | D:1      | Learned a level 2 spell: Sticks to Snakes
  1085 | D:1      | Reached XP level 3. HP: 20/28 MP: 6/6
  1541 | D:2      | Found a stormy altar of Qazlal.
  1614 | D:2      | Gained mutation: Your large and strong wings let you fly
                  | indefinitely. [potion of mutation]
  1614 | D:2      | Gained mutation: You are resistant to hostile enchantments.
                  | (MR+) [potion of mutation]
  1646 | D:2      | Noticed a phantom
  1794 | D:2      | Killed a phantom
  1794 | D:2      | Reached XP level 4. HP: 6/35 MP: 0/8
  2202 | D:2      | Reached XP level 5. HP: 40/40 MP: 7/9
  2359 | D:2      | Learned a level 3 spell: Spider Form
  2398 | D:3      | Found a glowing golden altar of the Shining One.
  2431 | D:3      | Found a transporter.
  2432 | D:3      | Found a transporter.
  2432 | D:3      | Noticed foolusion's ghost (amateur DrIE)
  2442 | D:3      | Reached skill level 4 in Unarmed Combat
  2447 | D:3      | Noticed an ogre
  2595 | D:3      | Found an opulent altar of Gozag.
  2743 | D:3      | Reached skill level 1 in Stealth
  2823 | D:4      | Noticed Blork the orc
  2839 | D:4      | Mangled by Blork the orc

Vault maps used:
D:1:      saegor_arrival_under_anarchy, minmay_hexomino_c4
D:2:      overflow_temple_1_default, first_ration
D:3:      overflow_temple_1_default, gammafunk_ghost_smash,
          grunt_gozag_breadcrumbs
D:4:      kiku_gazebo_pond_becter, lemuel_crystal_altar,
          nicolae_ossuary_entry_giza, serial_shops, shop, shop, shop,
          uniq_blork_the_orc

Skill      XL: |  1  2  3  4  5 |
---------------+----------------+-----
Dodging        | 2 |  2.4
Spellcasting   | 3 |  3.4
Unarmed Combat | 4 |  4.0
Transmutations | 3 |  3.1
Stealth        | 1 |  1.0
Fighting       | |  1.3

Action                   |  1- 3 |  4- 6 || total
-------------------------+-------+-------++-------
Melee: Unarmed           |   132 |    90 ||   222
       Headbutt          |     5 |     7 ||    12
       Tailslap          |    14 |     7 ||    21
       Kick              |     3 |     5 ||     8
       Punch             |       |     1 ||     1
 Cast: Beastly Appendage |    19 |    14 ||    33
       Sticks to Snakes  |     9 |     5 ||    14
       Spider Form       |       |     2 ||     2
  Use: Scroll            |     7 |       ||     7
       Potion            |     3 |       ||     3
  Eat: Chunk             |     3 |     4 ||     7
Armor: Skin              |    37 |    33 ||    70
Dodge: Dodged            |    76 |    61 ||   137

Table legend:
 A = Non-vault XP
 B = Vault XP
 C = Vault XP percentage of total XP
 D = Non-vault monster count
 E = Vault monster count
 F = Vault count percentage of total count
                 A         B        C        D         E       F
            +---------+---------+-------+---------+---------+-------
      Total |     277 |       9 |   3.1 |      59 |       5 |   7.8
            +---------+---------+-------+---------+---------+-------
        D:1 |      38 |       9 |  19.1 |      23 |       5 |  17.9
        D:2 |     160 |       0 |   0.0 |      18 |       0 |   0.0
        D:3 |      79 |       0 |   0.0 |      18 |       0 |   0.0
            +---------+---------+-------+---------+---------+-------
